 Dungeon Crawl Stone Soup version 0.27-a0-1196-g3e9cee4cb2 (webtiles) character file.

Game seed: 12714447457211205065

121 bande the Shield-Bearer (level 5, -3/33 HPs)
             Began as a Gargoyle Fighter on May 28, 2021.
             Slain by Terence
             ... wielding a +0 mace
              (8 damage)
             ... on level 3 of the Dungeon.
             The game lasted 00:03:36 (2180 turns).

bande the Shield-Bearer (Gargoyle Fighter)          Turns: 2180, Time: 00:03:36

Health: -3/33      AC: 11    Str: 19    XL:     5   Next: 5%
Magic:  5/5        EV:  7    Int:  9    God:
Gold:   124        SH: 10    Dex: 10    Spells: 4/4 levels left

rFire    . . .     SeeInvis .   a - +0 war axe
rCold    . . .     Faith    .   c - +1 kite shield
rNeg     + . .     Spirit   .   b - +0 scale mail
rPois    ∞         Reflect  .   (no helmet)
rElec    +         Harm     .   (no cloak)
rCorr    .         Rampage  .   (no gloves)
Will     .....                  (no boots)
Stlth    ..........             (no amulet)
HPRegen  0.11/turn              (no ring)
MPRegen  0.09/turn              (no ring)

@: mighty, brilliant
A: sickness immunity, AC +4, negative energy resistance 1, electricity
resistance, torment resistance 1, petrification resistance
a: no special abilities


You were on level 3 of the Dungeon.
You visited 1 branch of the dungeon, and saw 3 of its levels.

You collected 124 gold pieces.

Inventory:

Hand Weapons
 a - a +0 war axe (weapon)
Missiles
 k - 8 curare-tipped darts (quivered)
Armour
 b - a +0 scale mail (worn)
 c - a +1 kite shield (worn)
Jewellery
 f - a ring of magical power
Scrolls
 h - a scroll of amnesia
Potions
 d - a potion of might
 e - a potion of invisibility
 g - a potion of flight
 i - a potion of berserk rage
 m - a potion of lignification {unknown}


   Skills:
 + Level 3.7 Fighting
 + Level 3.4 Axes
 + Level 3.7 Armour
 + Level 0.9 Dodging
 + Level 3.9 Shields


You had 4 spell levels left.
You didn't know any spells.
Your spell library was empty.

Dungeon Overview and Level Annotations

Branches:
Dungeon (3/15)

Altars:

Annotations:
D:3 Terence


Innate Abilities, Weirdness & Mutations

You are immune to sickness and miasma.
Your stone body is resilient. (AC +4)
You are immune to poison.
You resist negative energy. (rN+)
You are resistant to electric shocks. (rElec)
You are resistant to unholy torment.
You are immune to petrification.


Message History

As you read the scroll labelled VASUCU OLIO, it crumbles to dust.
You feel strangely unstable.
It was a scroll of teleportation.
Your surroundings suddenly seem different.
A ball python comes into view.
The ball python hisses angrily.
Terence the Incautious comes into view.
He is wielding a +0 mace.
Found a robe and a long sword.
Terence shouts!
You block the ball python's attack. x2; Terence drinks a potion.
Terence flickers and vanishes!
Deactivating autopickup; reactivate with Ctrl-A.
You slash the ball python!
You kill the ball python!
No target in view!
No target in view!
No target in view!
Unknown command.
You feel very mighty all of a sudden.
You closely miss something. Something hits you.
You closely miss something. Something hits you. x2
You closely miss something. Something completely misses you.
Your scale mail prevents you from hitting something.
You block something's attack. Something hits you but does no damage.
You hit something but do no damage. Something hits you but does no damage.
You barely miss something. Something hits you.
Something hits you but does no damage.
You barely miss something. Something hits you.
You closely miss something. Something hits you.
Something hits you but does no damage.
Your shield prevents you from hitting something.
Something hits you!
You hit something but do no damage. Something hits you.
* * * LOW HITPOINT WARNING * * *
Something hits you.
* * * LOW HITPOINT WARNING * * *
You closely miss something.
Something hits you but does no damage. x2
It was a potion of brilliance.
You feel clever all of a sudden. Something hits you!
You die...

..# #.# #.# .
#.# .. #.# ...
###.##
....#..{.#
.......@.##
.....)....#
.[........# ..
..........#
#.#
..........# ..
..........# #
#..###..###.##
..##.. .... .#
......##.## .#


There were no monsters in sight!

Vanquished Creatures
  5 adders
  2 worms (D:2)
  4 dart slugs
  4 ball pythons
  8 endoplasms
  A giant cockroach (D:2)
  4 goblins
  5 hobgoblins
  8 jackals
  A quokka (D:1)
  8 bats
  A frilled lizard (D:1)
  4 kobolds
  4 rats
59 creatures vanquished.

Notes
Turn   | Place    | Note
-------+----------+-------------------------------------------
     0 | D:1      | bande the Gargoyle Fighter began the quest for the Orb.
     0 | D:1      | Reached XP level 1. HP: 14/14 MP: 1/1
   236 | D:1      | Reached XP level 2. HP: 19/19 MP: 2/2
   671 | D:1      | Reached XP level 3. HP: 22/23 MP: 3/3
  1414 | D:2      | Reached XP level 4. HP: 28/28 MP: 4/4
  1611 | D:2      | Found a faded altar of an unknown god.
  2059 | D:3      | Reached XP level 5. HP: 21/33 MP: 5/5
  2164 | D:3      | Noticed Terence
  2180 | D:3      | Slain by Terence

Illustrated notes

Levels and vault maps discovered:
D:1:      minmay_arrival_shattered_statue, layout_loops_corners,
          grunt_decor_resistance, minmay_close_crescents
D:2:      layout_loops_ring, basic_ecumenical_altar
D:3:      layout_rooms, serial_shops, shop, uniq_terence, uniq_natasha

Skill      XL: |  1  2  3  4 |
---------------+-------------+-----
Axes           | 2 3 |  3.4
Fighting       | |  3.7
Armour         | |  3.7
Dodging        | |  0.9
Shields        | |  3.9

Action                   |  1- 3 |  4- 6 || total
-------------------------+-------+-------++-------
Melee: War axe           |   103 |    78 ||   181
  Use: Scroll            |     5 |     1 ||     6
       Potion            |       |     2 ||     2
Armor: Scale mail        |    62 |    41 ||   103
Dodge: Dodged            |    49 |    23 ||    72
Block: Kite shield       |    64 |    38 ||   102

Table legend: (Time is in decaauts)
 A = Elapsed time spent in this place.
 B = Non-inter-level travel time spent in this place.
 C = Inter-level travel time spent in this place.
 D = Time resting spent in this place.
 E = Time spent auto-exploring this place.
 F = Levels seen in this place.
 G = Mean time per level.
                   A        B        C        D        E       F      G
               +--------+--------+--------+--------+--------+-----+--------+
         Total |   2287 |   2269 |     18 |    214 |   1576 |   3 |  762.3 |
       Dungeon |   2287 |   2269 |     18 |    214 |   1576 |   3 |  762.3 |
               +--------+--------+--------+--------+--------+-----+--------+

Top non-repeatable levels by time:
     D:1: 1203 daAuts
     D:2: 897 daAuts
     D:3: 186 daAuts
